 Dungeon Crawl Stone Soup version 0.29.0-11-gd7f09526c8 (webtiles) character file.

Game seed: 17195891227520582146

21122 LustLizard the Grappler (level 12, -1/122 HPs)
             Began as a Troll Fighter on Sept 4, 2022.
             Was a High Priest of Wu Jian.
             Slain by an 11-headed hydra (3 damage)
             ... on level 3 of the Lair of Beasts on Sept 5, 2022.
             The game lasted 00:35:08 (12609 turns).

LustLizard the Grappler (Troll Fighter)            Turns: 12609, Time: 00:35:08

Health: -1/122     AC:  7    Str: 27    XL:     12   Next: 51%
Magic:  0/11       EV: 18    Int:  8    God:    Wu Jian [*****.]
Gold:   1089       SH: 10    Dex:  9    Spells: 11/11 levels left

rFire   + . .      SeeInvis .     - Unarmed
rCold   . . .      Faith    .   b - +1 kite shield
rNeg    . . .      Spirit   +   h - +2 robe {rF+}
rPois   .          Reflect  .   D - +0 hat
rElec   .          Harm     .   r - +0 cloak
rCorr   .          Rampage  .   (gloves unavailable)
Will    .....                   (boots unavailable)
Stlth   +.........              G - amulet of guardian spirit
HPRegen 1.10/turn               W - +4 ring of evasion
MPRegen 0.12/turn               y - +4 ring of evasion

@: studying Hexes
A: large, unfitting armour, claws 3, regeneration 1, shaggy fur 1, tough skin 1
a: Renounce Religion, Wall Jump, Serpent's Lash, Heavenly Storm


You were on level 3 of the Lair of Beasts.
You worshipped Wu Jian.
Wu Jian was extremely pleased with you.
You visited 3 branches of the dungeon, and saw 15 of its levels.
You also visited: Bailey and Ice Cave.

You collected 1089 gold pieces.

Inventory:

Missiles
 j - 26 poisoned darts
 F - 4 curare-tipped darts
 I - 3 throwing nets
 O - 33 boomerangs (quivered)
Armour
 a - a +0 robe
 b - a +1 kite shield (worn)
 h - a +2 robe of fire resistance (worn)
 r - a +0 cloak (worn)
 D - a +0 hat (worn)
Jewellery
 q - a ring of protection from fire
 y - a +4 ring of evasion (right claw)
 E - a ring of magical power
 G - an amulet of guardian spirit (around neck)
 Q - a +6 ring of dexterity
 T - a ring of flight
 W - a +4 ring of evasion (left claw)
 X - a ring of resist corrosion
Wands
 i - a wand of flame (29)
 p - a wand of digging (5)
 J - a wand of light (34)
 N - a wand of paralysis (16)
Scrolls
 d - 2 scrolls of butterflies
 k - 2 scrolls of summoning
 l - 9 scrolls of teleportation
 m - a scroll of identify
 n - 2 scrolls of poison
 o - 2 scrolls of magic mapping {unknown}
 u - 2 scrolls of fear {unknown}
 w - 3 scrolls of blinking
 K - 2 scrolls of enchant armour
 S - a scroll of amnesia {unknown}
 U - 2 scrolls of silence
 Y - a scroll of enchant weapon {unknown}
Potions
 c - a potion of might
 e - a potion of degeneration
 f - 7 potions of curing
 g - 11 potions of heal wounds
 s - 3 potions of resistance
 v - 2 potions of mutation
 x - 2 potions of cancellation
 z - a potion of invisibility
 A - 3 potions of brilliance
 B - 2 potions of magic
 H - 2 potions of berserk rage
 M - 3 potions of flight
 P - 2 potions of lignification
 R - 6 potions of ambrosia
 V - 2 potions of haste


   Skills:
 + Level 8.7 Fighting
 + Level 7.1 Dodging
 + Level 9.5 Shields
 * Level 13.9 Unarmed Combat


You had 11 spell levels left.
You didn't know any spells.
Your spell library contained the following spells:

 Spells                   Type           Power      Damage    Failure   Level
 Static Discharge         Conj/Air       0%         3-3/arc   77%         2
 Confusing Touch          Hex            0%         N/A       94%         3
 Animate Dead             Necr           0%         N/A       100%        4
 Dispel Undead            Necr           0%         3d6       100%        4
 Fulminant Prism          Conj/Hex       0%         3d6       100%        4
 Iskenderun's Mystic Bla  Conj/Tloc      0%         2d3       100%        4
 Sticky Flame             Conj/Fire      0%         2d3       100%        4
 Lee's Rapid Deconstruct  Erth           0%         3d5*      100%        5
 Yara's Violent Unravell  Hex/Tmut       0%         3d3       100%        5
 Enfeeble                 Hex            0%         N/A       100%        7
 Haunt                    Necr/Summ      0%         N/A       100%        7
 Infestation              Necr           0%         N/A       100%        8


Dungeon Overview and Level Annotations

Branches:
Dungeon (11/15)            Temple (0/1) D:5            Lair (3/5) D:8
 Shoals (0/4) Lair:2        Snake (1/4) Lair:2          Orc (0/2) D:9
 Bailey (visited)           IceCv (visited)

Altars:
Cheibriados
Fedhas
Gozag
Kikubaaqudgha
Makhleb
Okawaru
Sif Muna
Uskayaw
Wu Jian
Zin
The Shining One
Jiyva

Shops:
D:5 *   D:6 [

Annotations:
D:11 5 transporters
Lair:3 3 runed translucent doors, Wafazius's ghost, journeyman TrHW


Innate Abilities, Weirdness & Mutations

You are too large for most types of armour.
You have claws for hands.
Your natural rate of healing is unusually fast.
You are covered in fur. (AC +1)
You have tough skin. (AC +1)


Message History

The eight-headed hydra bites you but does no damage.
The eight-headed hydra misses you.
You block the eight-headed hydra's attack.
The eight-headed hydra bites you! The eight-headed hydra bites you.
The eight-headed hydra bites you!
The eight-headed hydra bites you but does no damage.
You claw one of the eight-headed hydra's heads off!
The seven-headed hydra grows two more!
You claw the nine-headed hydra!
The nine-headed hydra is almost dead.
The rime drake misses you.
Unknown command.
You claw one of the nine-headed hydra's heads off!
The eight-headed hydra grows two more!
You mangle the ten-headed hydra!!
The ten-headed hydra is almost dead.
You block the ten-headed hydra's attack.
The ten-headed hydra closely misses you.
The ten-headed hydra barely misses you. The ten-headed hydra bites you!
You block the ten-headed hydra's attack.
The ten-headed hydra bites you!
* * * LOW HITPOINT WARNING * * *
The ten-headed hydra bites you!
* * * LOW HITPOINT WARNING * * *
The ten-headed hydra closely misses you.
You block the ten-headed hydra's attack.
The ten-headed hydra barely misses you. The rime drake barely misses you.
You rip one of the ten-headed hydra's heads off!
The nine-headed hydra grows two more!
You mangle the 11-headed hydra!!
The 11-headed hydra is almost dead.
The 11-headed hydra closely misses you.
You block the 11-headed hydra's attack. x2
The 11-headed hydra bites you!
* * * LOW HITPOINT WARNING * * *
The 11-headed hydra completely misses you.
The 11-headed hydra bites you!
* * * LOW HITPOINT WARNING * * *
The 11-headed hydra closely misses you. You block the 11-headed hydra's attack.
The 11-headed hydra bites you!
* * * LOW HITPOINT WARNING * * *
The 11-headed hydra completely misses you.
The 11-headed hydra bites you.
You die...

.......P####...#.#...........
#.###...# #..........##l..
#..............
#..............
#.....>........
#..............
#..............
#....Dk........
##...@.........
#..............
#..............
##...†.<.......
##........P... #............
#.#.......... ###..........
#..#.......


You could see a 11-headed hydra, a basilisk (wandering) and a rime drake.

Vanquished Creatures
  Harold (D:10)
  A boulder beetle (D:11)
  Erica (Lair:1)
  Sonja (Lair:1)
  Pikel (D:6)
  An orc knight (Bailey)
  2 ugly things (D:10)
  A merfolk siren (Lair:2)
  4 black mambas
  A gargoyle (D:11)
  2 cane toads (Lair:2)
  5 komodo dragons
  5 rime drakes
  Grinder (D:6)
  2 polar bears (IceCv)
  5 blink frogs
  7 dream sheep (Lair:3)
  10 yaks
  A vampire (D:10)
  A wraith (D:9)
  A wyvern (Lair:3)
  A basilisk (Lair:2)
  A vampire mosquito (D:7)
  A steam dragon (D:9)
  3 wargs (D:8)
  7 water moccasins
  2 ice beasts
  3 black bears
  3 orc warriors
  2 centaurs
  An ogre (D:4)
  2 sky beasts (D:6)
  7 wolves
  2 phantoms (D:7)
  2 kobold brigands
  2 bullfrogs
  2 necrophages
  A gnoll sergeant (D:9)
  2 scorpions
  11 wights
  20 killer bees
  4 howler monkeys
  4 jellies (D:9)
  5 orc priests
  5 hounds
  A gnoll bouda (D:6)
  Ijyb (D:3)
  Terence (D:3)
  3 hell rats (Lair:3)
  Natasha (thrice) (D:2)
  5 iguanas
  9 orc wizards
  17 gnolls
  3 river rats (Lair:3)
  7 adders
  A white imp (D:5)
  An ufetubus (D:6)
  2 worms
  A dart slug (D:2)
  28 orcs
  5 ball pythons
  4 bats
  12 endoplasms
  2 giant cockroaches
  13 goblins
  6 hobgoblins
  7 jackals
  A quokka (D:3)
  4 frilled lizards
  28 kobolds
  13 rats
325 creatures vanquished.

Vanquished Creatures (collateral kills)
  A queen bee (Lair:1)
  8 killer bees (Lair:1)
9 creatures vanquished.

Vanquished Creatures (others)
  A hell rat (Lair:3)
  2 fungi
  15 plants
18 creatures vanquished.

Grand Total: 352 creatures vanquished

Notes
Turn   | Place    | Note
-------+----------+-------------------------------------------
     0 | D:1      | LustLizard the Troll Fighter began the quest for the Orb.
     0 | D:1      | Reached XP level 1. HP: 22/22 MP: 0/0
   143 | D:1      | Reached XP level 2. HP: 28/29 MP: 1/1
   655 | D:2      | Reached XP level 3. HP: 35/36 MP: 2/2
   747 | D:2      | Noticed Natasha
   762 | D:2      | Killed Natasha
   763 | D:2      | Reached skill level 3 in Unarmed Combat
   865 | D:2      | Found a faded altar of an unknown god.
  1064 | D:2      | Noticed Natasha
  1071 | D:2      | Killed Natasha
  1072 | D:2      | Reached XP level 4. HP: 18/45 MP: 3/3
  1126 | D:2      | Noticed Natasha
  1130 | D:2      | Killed Natasha
  1569 | D:3      | Found an ornate altar of the Wu Jian Council.
  1577 | D:3      | Became a worshipper of the Wu Jian Council
  1646 | D:3      | Reached skill level 4 in Unarmed Combat
  1646 | D:3      | Reached XP level 5. HP: 40/53 MP: 4/4
  1823 | D:3      | Noticed Ijyb
  1827 | D:3      | Killed Ijyb
  1958 | D:3      | Found an ancient bone altar of Kikubaaqudgha.
  2106 | D:3      | Noticed Terence
  2120 | D:3      | Killed Terence
  2121 | D:3      | Reached XP level 6. HP: 59/61 MP: 5/5
  2447 | D:4      | Reached * piety under Wu Jian
  2603 | D:4      | Reached skill level 5 in Unarmed Combat
  2724 | D:4      | Found a burning altar of Makhleb.
  2807 | D:4      | Reached XP level 7. HP: 68/68 MP: 6/6
  3173 | D:5      | Entered Level 5 of the Dungeon
  3213 | D:5      | Reached skill level 6 in Unarmed Combat
  3261 | D:5      | Found a glowing silver altar of Zin.
  3694 | D:5      | Found a staircase to the Ecumenical Temple.
  3715 | D:5      | Found Qocat's Overcharged Wands.
  3946 | D:6      | Found a snail-covered altar of Cheibriados.
  3952 | D:6      | Found a blossoming altar of Fedhas.
  3954 | D:6      | Found an opulent altar of Gozag.
  3998 | D:6      | Found Pioliy's Armour Shop.
  4010 | D:6      | Reached skill level 5 in Shields
  4010 | D:6      | Reached XP level 8. HP: 79/79 MP: 7/7
  4143 | D:6      | Reached skill level 7 in Unarmed Combat
  4172 | D:6      | Reached ** piety under Wu Jian
  4263 | D:6      | Reached skill level 5 in Fighting
  4283 | D:6      | Noticed Grinder
  4294 | D:6      | Killed Grinder
  4295 | D:6      | Reached skill level 8 in Unarmed Combat
  4455 | D:6      | Reached XP level 9. HP: 78/88 MP: 8/8
  4632 | D:6      | Noticed Pikel
  4636 | D:6      | Killed Pikel
  4637 | D:6      | Reached skill level 9 in Unarmed Combat
  5183 | D:7      | Found a flagged portal.
  5215 | Bailey   | Entered a bailey
  5223 | Bailey   | Noticed an orc warlord
  5297 | Bailey   | Reached *** piety under Wu Jian
  5338 | Bailey   | Found a runed translucent gate.
  5340 | Bailey   | Found a runed translucent gate.
  5342 | Bailey   | Found a runed translucent gate.
  5348 | Bailey   | Noticed an orc knight
  5378 | Bailey   | Killed an orc knight
  5883 | D:7      | Noticed a five-headed hydra
  6276 | D:7      | Reached skill level 10 in Unarmed Combat
  6515 | D:8      | Found a staircase to the Lair.
  6527 | D:8      | Reached XP level 10. HP: 100/100 MP: 9/9
  6711 | D:8      | Found an iron altar of Okawaru.
  7159 | D:8      | Found a glowing golden altar of the Shining One.
  7192 | D:8      | Found a shimmering blue altar of Sif Muna.
  7645 | D:9      | Found a viscous altar of Jiyva.
  7667 | D:9      | Reached **** piety under Wu Jian
  7746 | D:9      | Found a staircase to the Orcish Mines.
  7795 | D:9      | Reached skill level 11 in Unarmed Combat
  8313 | D:10     | Entered Level 10 of the Dungeon
  8450 | D:10     | Reached skill level 5 in Dodging
  8462 | D:10     | Noticed Harold
  8667 | D:10     | Found a hide-covered altar of Uskayaw.
  8883 | D:10     | Killed Harold
  8884 | D:10     | Reached XP level 11. HP: 80/109 MP: 5/10
  8978 | D:10     | Noticed a green ugly thing
  8986 | D:10     | Killed a green ugly thing
  9164 | D:11     | Found a transporter.
  9165 | D:11     | Found a transporter.
  9173 | D:11     | Found a transporter.
  9178 | D:11     | Found a transporter.
  9200 | D:11     | Noticed a red ugly thing
  9222 | D:10     | Killed a red ugly thing
  9549 | D:11     | Found a transporter.
  9549 | D:11     | Found a transporter.
  9549 | D:11     | Noticed a boulder beetle
  9590 | D:11     | Killed a boulder beetle
  9769 | Lair:1   | Entered Level 1 of the Lair of Beasts
  9831 | Lair:1   | Reached skill level 12 in Unarmed Combat
 10025 | Lair:1   | Noticed Erica
 10031 | Lair:1   | Noticed Sonja
 10042 | Lair:1   | Killed Sonja
 10445 | Lair:1   | Killed Erica
 10531 | Lair:1   | Reached ***** piety under Wu Jian
 11493 | Lair:2   | Reached skill level 13 in Unarmed Combat
 11697 | Lair:2   | Found a staircase to the Snake Pit.
 11738 | Lair:2   | Found a staircase to the Shoals.
 11916 | Snake:1  | Entered Level 1 of the Snake Pit
 11916 | Snake:1  | Noticed a naga sharpshooter
 11981 | Lair:3   | Noticed a lindwurm
 11993 | Lair:2   | Reached XP level 12. HP: 109/120 MP: 8/11
 12001 | Lair:3   | Found a runed translucent gate.
 12001 | Lair:3   | Found a runed translucent gate.
 12001 | Lair:3   | Found a runed translucent gate.
 12048 | Lair:3   | Noticed a minotaur
 12048 | Lair:3   | Noticed Wafazius's ghost (journeyman TrHW)
 12112 | Lair:3   | Found a frozen archway.
 12186 | IceCv    | Entered an ice cave
 12228 | IceCv    | Noticed a death yak
 12514 | Lair:3   | Noticed a four-headed hydra
 12609 | Lair:3   | HP: 2/122 [11-headed hydra (8)]
 12609 | Lair:3   | Slain by an 11-headed hydra

Illustrated notes

Levels and vault maps discovered:
D:1:      minmay_arrival_solitary_statue, layout_basic, minmay_tripent
D:2:      layout_basic, hellmonk_ecumenical_altar_zigzags, serial_bayou_lake_a,
          uniq_natasha
D:3:      minmay_chambers_of_twos, layout_basic, mainiacjoe_overflow_alcove_1,
          mainiacjoe_overflow_alcove_2, uniq_terence, uniq_ijyb
D:4:      layout_loops_ring, mainiacjoe_overflow_surrounded_room,
          chequers_serial_rivers_large_a, guppyfry_early_lair_pool
D:5:      layout_loops_cross, zin_academy, temple_green,
          hangedman_decor_slide_cut, dreamdust_wishing_well,
          nicolae_shop_overcharged_wands
D:6:      layout_basic, minitemple, serial_shops, nicolae_shop_window_shopping,
          uniq_grinder, uniq_pikel
D:7:      layout_loops_corners, enter_bailey_5, minmay_manual_macuahuitl
D:8:      layout_loops_ring, nicolae_tso_swordbearing_angel,
          nicolae_overflow_crystal_walls, lemuel_tele_altar,
          erik_lair_orcish_takeover
D:9:      layout_loops_ring, orc_0_dummy, jiyva_altar_1
D:10:     layout_loops_cross, general_overflow_altar, uniq_harold
D:11:     layout_basic, serial_nicolae_subway, nicolae_sub_station_stone,
          nicolae_sub_station_metal, nicolae_sub_station_crystal
Lair:1:   layout_roguey [special_room_bee], uniq_sonja, uniq_erica
Lair:2:   layout_cellular_growth, minmay_shoals_entry_lonely_mermaid,
          dummy_snake_entry
Lair:3:   layout_cave_shapes, portal_ice_cave_rime,
          maelrawn_ghost_gauntlet_escape, special_room
          [special_room_mythical_zoo], kennysheep_abandoned_house
Snake:1:  layout_cave_pods

Skill      XL: |  1  2  3  4  5  6  7  8  9 10 11 12 |
---------------+-------------------------------------+-----
Shields        | 3 4 5 6 7 9 |  9.5
Unarmed Combat | 3 4 5 6 8 10 11 13 | 13.9
Fighting       | 3 4 5 6 7 8 |  8.7
Dodging        | 3 5 6 7 |  7.1

Action                   |  1- 3 |  4- 6 |  7- 9 | 10-12 || total
-------------------------+-------+-------+-------+-------++-------
Melee: Unarmed           |    94 |   163 |   335 |   489 ||  1081
Throw: Stone             |       |     3 |    14 |       ||    17
       Dart              |       |       |     3 |    12 ||    15
       Boomerang         |       |       |     2 |    11 ||    13
Invok: Lunge             |       |    18 |    27 |    43 ||    88
       Whirlwind         |       |       |     4 |    11 ||    15
Evoke: Wand              |       |       |       |     5 ||     5
  Use: Scroll            |       |       |     8 |    15 ||    23
       Potion            |       |       |       |     3 ||     3
 Stab: Invisible         |       |       |       |     1 ||     1
Armor: Robe              |    26 |    31 |    57 |    51 ||   165
Dodge: Dodged            |    34 |    40 |   135 |   271 ||   480
Block: Kite shield       |    26 |    35 |   132 |   225 ||   418
